 Dungeon Crawl Stone Soup version 0.21-a0-286-g6fcecc0 (webtiles) character file.

274 Chiseanne the Covert (level 6, 0/30 HPs)
             Began as a Spriggan Assassin on Sept 28, 2017.
             Succumbed to a worker ant's poison
             ... on level 4 of the Dungeon.
             The game lasted 00:10:03 (2477 turns).

Chiseanne the Covert (Spriggan Assassin)            Turns: 2477, Time: 00:10:04

Health: 0/30       AC:  5    Str:  7    XL:     6   Next: 3%
Magic:  7/7        EV: 20    Int: 12    God:
Gold:   54         SH:  0    Dex: 20    Spells: 5/5 levels left

rFire    . . .     SeeInvis +   w - +3 shortbow
rCold    . . .     Gourm    .   (shield currently unavailable)
rNeg     . . .     Faith    .   c - +0 robe
rPois    +         Spirit   .   (helmet restricted)
rElec    .         Reflect  .   d - +0 cloak
rCorr    .         Harm     .   (gloves unavailable)
MR       +....                  (boots unavailable)
Stlth    +++++.....             (no amulet)
HPRegen  0.10/turn              r - ring of poison resistance
MPRegen  0.10/turn              n - +2 ring of protection

@: lethally poisoned (0 -> -5), berserk cooldown, slowed, quick
A: unfitting armour, see invisible, herbivore 3, speed 3, slow metabolism 2
a: no special abilities


You were on level 4 of the Dungeon.
You were not hungry.

You visited 1 branch of the dungeon, and saw 5 of its levels.

You collected 54 gold pieces.

Inventory:

Hand Weapons
 a - a +2 short sword of freezing
 b - a +0 blowgun
 w - a +3 shortbow (weapon)
Missiles
 e - 17 poisoned needles
 f - 2 curare-tipped needles
 j - 75 stones
 o - 17 bolts
 p - 88 arrows (quivered)
Armour
 c - a +0 robe (worn)
 d - a +0 cloak (worn)
Jewellery
 h - an uncursed ring of protection from fire
 n - a +2 ring of protection (right hand)
 r - a ring of poison resistance (left hand)
 s - an uncursed amulet of magic regeneration
Scrolls
 q - a scroll of teleportation
 v - a scroll of remove curse
Potions
 k - a potion of lignification {unknown}
 l - a potion of flight {unknown}
 m - a potion of degeneration {unknown}
 t - a potion of agility
Comestibles
 g - 2 bread rations


   Skills:
 - Level 1.5 Fighting
 + Level 3.1 Short Blades
 - Level 2.0 Throwing
 * Level 4.5 Dodging
 * Level 9.5 Stealth


You had 5 spell levels left.
You didn't know any spells.

Dungeon Overview and Level Annotations

Branches:
Dungeon (5/15)
 Temple: D:4-7

Altars:
Wu Jian


Innate Abilities, Weirdness & Mutations

You are very small and have problems with some larger weapons.
You are too small for most types of armour.
You have supernaturally acute eyesight. (SInv)
You are a herbivore.
You cover ground extremely quickly.
You need consume almost no food.


Message History

A red film seems to cover your vision as you go berserk!
You feel yourself moving faster!
You feel mighty! The worker ant closely misses you.
You feel a strong urge to attack something.
* * * LOW HITPOINT WARNING * * *
You feel sick.
You feel your anger subside.
Your blood rage is quickly leaving you.
You are no longer berserk.
You are exhausted.
You feel yourself slow down.
* * * LOW HITPOINT WARNING * * *
You feel sick.
* * * LOW HITPOINT WARNING * * *
You feel sick.
* * * LOW HITPOINT WARNING * * *
You feel sick.
There is a stone staircase leading up here.
The sky beast flickers out of sight for a moment.
You climb upwards.
You die...

#.....#............#.[......
#.....#..............###....
##########.....................
#..................#..##..###..
#.[......................## .
#..........#..........####
#..........#........#.#
###..........#.......##...
................@....####.#
...............###.### ..#
......)......#.###.# ...
.....<....[..#.....# ..#
.............#.##### ..#
.........####..# ...##...##
#..# ######### ####


There were no monsters in sight!

Vanquished Creatures
  A centaur (D:5)
  A centaur skeleton (D:2)
  5 gnolls
  4 adders
  3 oozes (D:2)
  A worm (D:3)
  A dart slug (D:3)
  4 leopard geckos
  An orc (D:5)
  3 bats (D:1)
  3 giant cockroaches
  8 goblins
  7 hobgoblins
  A quokka (D:4)
  9 kobolds
  6 rats
58 creatures vanquished.

Notes
Turn   | Place    | Note
-------+----------+-------------------------------------------
     0 | D:1      | Chiseanne the Spriggan Assassin began the quest for the Orb.
     0 | D:1      | Reached XP level 1. HP: 10/10 MP: 2/2
    28 | D:1      | Reached skill level 6 in Stealth
   315 | D:2      | Reached XP level 2. HP: 14/14 MP: 3/3
   336 | D:2      | Reached skill level 7 in Stealth
   612 | D:2      | Reached skill level 8 in Stealth
   612 | D:2      | Reached XP level 3. HP: 17/18 MP: 4/4
   760 | D:2      | Reached XP level 4. HP: 20/22 MP: 5/5
  1737 | D:3      | Reached skill level 9 in Stealth
  1737 | D:3      | Reached XP level 5. HP: 25/25 MP: 6/6
  1753 | D:3      | Found an ornate altar of the Wu Jian Council.
  2351 | D:5      | Entered Level 5 of the Dungeon
  2360 | D:5      | Noticed a centaur
  2368 | D:5      | Killed a centaur
  2368 | D:5      | Reached XP level 6. HP: 30/30 MP: 7/7
  2392 | D:5      | Noticed a sky beast
  2475 | D:5      | HP: 1/30 [poisoned by a worker ant]
  2477 | D:4      | Succumbed to a worker ant's poison

Vault maps used:
D:1:      giann_forest_graveyard
D:2:      wad_floor_pattern_untrapped
D:3:      lemuel_round_altar, kennysheep_generic_room_15
D:4:      elyvilon_altar_5, minmay_temple_entry_poolview, first_bread,
          uniq_duvessa
D:5:      grunt_dithmenos_shadows, lemuel_zombie_altar_kikubaaqudgha

Skill      XL: |  1  2  3  4  5 |
---------------+----------------+-----
Stealth        | 6 8 9 |  9.5
Dodging        | 2 3 4 |  4.5
Short Blades   | 3 |  3.1
Fighting       | |  1.5
Throwing       | |  2.0

Action                   |  1- 3 |  4- 6 || total
-------------------------+-------+-------++-------
Melee: Short sword       |    53 |   114 ||   167
       Dagger            |     8 |       ||     8
 Fire: Shortbow          |       |    10 ||    10
  Use: Scroll            |     3 |     5 ||     8
       Potion            |       |     1 ||     1
 Stab: Sleeping          |     5 |    12 ||    17
       Distracted        |       |     3 ||     3
Armor: Robe              |     7 |    11 ||    18
Dodge: Dodged            |    39 |    82 ||   121

Table legend:
 A = Spawn XP
 B = Non-spawn XP
 C = Spawn XP percentage of total XP
 D = Spawn monster count
 E = Non-spawn monster count
 F = Spawn count percentage of total count
 G = Total turns spent on level
                    A         B        C        D         E        F      G
               +---------+---------+-------+---------+---------+-------+---------
         Total |       0 |     392 |   0.0 |       0 |      58 |   0.0 |  2477
               +---------+---------+-------+---------+---------+-------+---------
           D:1 |       0 |      10 |   0.0 |       0 |       6 |   0.0 |   194
           D:2 |       0 |     115 |   0.0 |       0 |      20 |   0.0 |   834
           D:3 |       0 |     107 |   0.0 |       0 |      24 |   0.0 |  1076
           D:4 |       0 |      39 |   0.0 |       0 |       6 |   0.0 |   247
           D:5 |       0 |     121 |   0.0 |       0 |       2 |   0.0 |   126
               +---------+---------+-------+---------+---------+-------+---------
